[Event "IOM Open-Masters 2017"]
[Site "Douglas"]
[Date "2017.09.25"]
[Round "3"]
[White "Nahnsen, Kenneth"]
[Black "Player, Edmund C"]
[Result "1/2-1/2"]
[ECO "A00"]
[WhiteElo "2011"]
[BlackElo "2202"]
[Annotator "NA"]
[PlyCount "69"]
[EventDate "2017.??.??"]
[EventType "swiss"]
[EventCountry "GBR"]
[SourceTitle "playchess.com"]
[Source "ChessBase"]
[SourceQuality "1"]
[TimeControl "40/6000+30:20/3000+30:900+30"]

1. e4 e6 2. d4 d5 3. e5 c5 4. c3 Nc6 5. Be3 Qb6 6. Qd2 Bd7 7. Nf3 cxd4 8. cxd4 Na5 9. Nc3 Rc8 10. Bd3 Nc4 11. Bxc4 Rxc4 12. O-O Bb4 13. Rfc1 Ne7 14. a3 Bxc3 15. Rxc3 Rxc3 16. Qxc3 O-O 17. Rc1 Rc8 18. Qd2 Rc4 19. Rc3 Qc6 20. Rxc4 dxc4 21. Qa5 Qb6 22. Qxb6 axb6 23. Nd2 b5 24. Ne4 Nd5 25. Nc3 b4 26. Nxd5 bxa3 27. bxa3 exd5 28. Bd2 f6 29. f4 Kf7 30. Kf2 Kg6 31. Kf3 h5 32. h3 h4 33. Ke3 Bf5 34. Be1 Be4 35. e6 1/2-1/2

[Event "IOM Open-Masters 2017"]
[Site "Douglas"]
[Date "2017.09.26"]
[Round "4"]
[White "Loos, Roland"]
[Black "Pranav, Anand"]
[Result "1-0"]
[ECO "A00"]
[WhiteElo "2393"]
[BlackElo "2106"]
[Annotator "NA"]
[PlyCount "83"]
[EventDate "2017.??.??"]
[EventType "swiss"]
[EventCountry "GBR"]
[SourceTitle "playchess.com"]
[Source "ChessBase"]
[SourceQuality "1"]
[TimeControl "40/6000+30:20/3000+30:900+30"]

1. d4 Nf6 2. c4 e6 3. Nf3 Bb4+ 4. Bd2 a5 5. a3 Bxd2+ 6. Qxd2 O-O 7. Nc3 d6 8. g3 Nbd7 9. Rd1 Qe7 10. Bg2 Nb6 11. Qd3 Bd7 12. O-O Na4 13. Rb1 Nxc3 14. bxc3 Rab8 15. e4 e5 16. c5 Bc6 17. cxd6 cxd6 18. Rbe1 Bd7 19. Nh4 Nh5 20. Nf5 Qe6 21. Bh3 Kh8 22. Bg4 g6 23. Ne3 Qe8 24. Bxd7 Qxd7 25. dxe5 Rbd8 26. Rd1 Qh3 27. exd6 Rfe8 28. Qd4+ Kg8 29. Rfe1 Ng7 30. Nd5 Kh8 31. Nc7 Rf8 32. Qf6 Kg8 33. Nd5 h6 34. Qe5 Kh8 35. Nf6 Ne6 36. Re3 Rc8 37. d7 Rc5 38. Rd5 Rc6 39. Red3 Rd8 40. Rd6 Rc5 41. R3d5 Ng5 42. Ne8+ 1-0

[Event "IOM Open-Masters 2017"]
[Site "Douglas"]
[Date "2017.09.26"]
[Round "4"]
[White "Pranav, V."]
[Black "Fischer, Daniel"]
[Result "1-0"]
[ECO "A00"]
[WhiteElo "2372"]
[BlackElo "2100"]
[Annotator "NA"]
[PlyCount "55"]
[EventDate "2017.??.??"]
[EventType "swiss"]
[EventCountry "GBR"]
[SourceTitle "playchess.com"]
[Source "ChessBase"]
[SourceQuality "1"]
[TimeControl "40/6000+30:20/3000+30:900+30"]

1. e4 e5 2. Nf3 Nc6 3. Nc3 Nf6 4. Bb5 Nd4 5. Bc4 Bc5 6. Nxe5 Qe7 7. Nf3 d5 8. Nxd5 Qxe4+ 9. Ne3 Bg4 10. Be2 Nxe2 11. Qxe2 O-O 12. Nxg4 Qxg4 13. O-O Rfe8 14. Qb5 Bb6 15. d4 Bxd4 16. h3 Qe4 17. Nxd4 Qxd4 18. Qxb7 Nd5 19. Qb3 Rab8 20. Qf3 c6 21. Rd1 Qc4 22. c3 Re2 23. b3 Qxc3 24. Qxe2 Qxa1 25. Bb2 Nc3 26. Bxa1 Nxe2+ 27. Kf1 Nf4 28. Be5 1-0

[Event "IOM Open-Masters 2017"]
[Site "Douglas"]
[Date "2017.09.26"]
[Round "4"]
[White "Arakhamia-Grant, Ketevan"]
[Black "Jonsson, Gauti Pall"]
[Result "1-0"]
[ECO "A00"]
[WhiteElo "2369"]
[BlackElo "2011"]
[Annotator "NA"]
[PlyCount "117"]
[EventDate "2017.??.??"]
[EventType "swiss"]
[EventCountry "GBR"]
[SourceTitle "playchess.com"]
[Source "ChessBase"]
[SourceQuality "1"]
[TimeControl "40/6000+30:20/3000+30:900+30"]

1. e4 e6 2. d4 d5 3. Nc3 Bb4 4. e5 c5 5. a3 Bxc3+ 6. bxc3 Qa5 7. Bd2 Qa4 8. Qg4 Kf8 9. Qd1 b6 10. Nf3 Ne7 11. Be2 Ba6 12. O-O Bxe2 13. Qxe2 Nbc6 14. dxc5 b5 15. Be3 a6 16. Bd4 Rc8 17. Qd2 Na5 18. Ne1 Nc4 19. Qc1 h5 20. Nd3 h4 21. h3 Nf5 22. Nb2 Nxb2 23. Qxb2 Rc6 24. Rfd1 Ke7 25. Qb3 Nxd4 26. cxd4 Qxb3 27. cxb3 a5 28. b4 a4 29. Rac1 Rh5 30. Rc3 g6 31. Kf1 Kf8 32. Rf3 Rf5 33. Rc1 Kg7 34. Rcc3 Kh6 35. g4 hxg3 36. fxg3 Kg7 37. Kg2 Rh5 38. Rf2 Kf8 39. Rcf3 Rh7 40. h4 Kg8 41. Rc3 Kf8 42. Rf1 Kg8 43. Rh1 Kg7 44. g4 g5 45. Kg3 Rh8 46. Rcc1 gxh4+ 47. Rxh4 Rxh4 48. Kxh4 Kh6 49. g5+ Kg6 50. Kg4 Rc7 51. c6 Kh7 52. Kh5 Kg7 53. Rc5 Kh7 54. Rxb5 Rxc6 55. Rc5 Rb6 56. Rc7 Kg8 57. g6 fxg6+ 58. Kxg6 Kf8 59. Kf6 1-0

[Event "IOM Open-Masters 2017"]
[Site "Douglas"]
[Date "2017.09.26"]
[Round "4"]
[White "Fenil, Shah"]
[Black "Burrows, Martin P"]
[Result "1/2-1/2"]
[ECO "A00"]
[WhiteElo "2362"]
[BlackElo "2085"]
[Annotator "NA"]
[PlyCount "77"]
[EventDate "2017.??.??"]
[EventType "swiss"]
[EventCountry "GBR"]
[SourceTitle "playchess.com"]
[Source "ChessBase"]
[SourceQuality "1"]
[TimeControl "40/6000+30:20/3000+30:900+30"]

1. e4 c5 2. Nc3 Nc6 3. g3 g6 4. Bg2 Bg7 5. d3 d6 6. Be3 Rb8 7. Qd2 b5 8. Nge2 b4 9. Nd1 Nd4 10. O-O e6 11. Nc1 Ne7 12. c3 bxc3 13. bxc3 Ndc6 14. Bh6 O-O 15. Bxg7 Kxg7 16. Ne3 e5 17. Ne2 Qb6 18. Rac1 Bd7 19. Nc4 Qc7 20. d4 Rbd8 21. f4 Bc8 22. d5 Na5 23. Ne3 f6 24. c4 Bd7 25. h4 h6 26. g4 Nb7 27. Ng3 Rde8 28. Qb2 Nd8 29. Rcd1 Ng8 30. g5 hxg5 31. hxg5 exf4 32. Rxf4 Re5 33. gxf6+ Rxf6 34. Qf2 Bc8 35. Rxf6 Nxf6 36. Rf1 Qe7 37. Qf4 Nf7 38. Nd1 Rg5 39. Nf2 1/2-1/2

[Event "IOM Open-Masters 2017"]
[Site "Douglas"]
[Date "2017.09.26"]
[Round "4"]
[White "Paul, Johannes"]
[Black "Thilakarathne, G M H"]
[Result "1/2-1/2"]
[ECO "A00"]
[WhiteElo "2335"]
[BlackElo "2053"]
[Annotator "NA"]
[PlyCount "110"]
[EventDate "2017.??.??"]
[EventType "swiss"]
[EventCountry "GBR"]
[SourceTitle "playchess.com"]
[Source "ChessBase"]
[SourceQuality "1"]
[TimeControl "40/6000+30:20/3000+30:900+30"]

1. d4 Nf6 2. c4 e6 3. Nf3 d5 4. g3 dxc4 5. Bg2 a6 6. O-O Nc6 7. e3 Bd7 8. Qe2 Bd6 9. Qxc4 O-O 10. Rd1 Qe7 11. Nc3 Rab8 12. e4 b5 13. Qe2 e5 14. Bg5 Nxd4 15. Nxd4 exd4 16. Rxd4 Bc6 17. Nd5 Bxd5 18. Rxd5 Rfe8 19. Rd3 h6 20. Bd2 Be5 21. Be3 Red8 22. Rad1 Rxd3 23. Rxd3 Rd8 24. Rxd8+ Qxd8 25. b4 Qd7 26. Qd2 Qxd2 27. Bxd2 Bd4 28. Kf1 Ng4 29. Ke2 Kf8 30. h3 Ne5 31. f4 Nc4 32. Be1 f6 33. Kd3 Bg1 34. Kc3 c5 35. bxc5 Bxc5 36. Bf3 Ke7 37. Bg4 Nd6 38. Kd3 g6 39. Bd1 Bb6 40. Bb3 Nb7 41. Bd5 Nc5+ 42. Kc2 Ne6 43. Kd3 Nc5+ 44. Ke2 Kd6 45. Bc3 Ke7 46. Kf3 a5 47. e5 Nd7 48. g4 fxe5 49. fxe5 Bc7 50. Kf4 Nf6 51. Bb7 Ke6 52. Bc8+ Ke7 53. Bb2 b4 54. Ba6 Nd5+ 55. Ke4 Nc3+ 1/2-1/2

[Event "IOM Open-Masters 2017"]
[Site "Douglas"]
[Date "2017.09.26"]
[Round "4"]
[White "Jessel, Stephen"]
[Black "Hopson, Kevin Mike"]
[Result "1-0"]
[ECO "A00"]
[WhiteElo "2334"]
[BlackElo "1929"]
[Annotator "NA"]
[PlyCount "53"]
[EventDate "2017.??.??"]
[EventType "swiss"]
[EventCountry "GBR"]
[SourceTitle "playchess.com"]
[Source "ChessBase"]
[SourceQuality "1"]
[TimeControl "40/6000+30:20/3000+30:900+30"]

1. Nf3 d5 2. c4 d4 3. b4 Bg4 4. Qb3 f6 5. d3 e5 6. g3 Bxf3 7. exf3 Nd7 8. Bg2 c5 9. b5 Bd6 10. f4 Rb8 11. fxe5 Bxe5 12. O-O Ne7 13. a4 a5 14. Ra2 O-O 15. Re2 Ng6 16. Qd1 Qc7 17. Rfe1 f5 18. f4 Bd6 19. Nd2 Bxf4 20. gxf4 Nxf4 21. Nf3 Nxe2+ 22. Qxe2 Rbe8 23. Qxe8 Rxe8 24. Rxe8+ Kf7 25. Re2 b6 26. Ng5+ Kg6 27. Ne6 1-0

[Event "IOM Open-Masters 2017"]
[Site "Douglas"]
[Date "2017.09.26"]
[Round "4"]
[White "Piasetski, Leon"]
[Black "Kavinda, Akila"]
[Result "1/2-1/2"]
[ECO "A00"]
[WhiteElo "2286"]
[BlackElo "2099"]
[Annotator "NA"]
[PlyCount "80"]
[EventDate "2017.??.??"]
[EventType "swiss"]
[EventCountry "GBR"]
[SourceTitle "playchess.com"]
[Source "ChessBase"]
[SourceQuality "1"]
[TimeControl "40/6000+30:20/3000+30:900+30"]

1. c4 Nf6 2. Nc3 g6 3. e4 e5 4. Nf3 Nc6 5. d4 exd4 6. Nxd4 Bg7 7. Nxc6 dxc6 8. Qxd8+ Kxd8 9. f3 Be6 10. Bg5 Kc8 11. O-O-O Nd7 12. Kc2 c5 13. Nd5 Ne5 14. b3 Nc6 15. Bf6 Bxf6 16. Nxf6 a5 17. Nd5 a4 18. Nc3 axb3+ 19. axb3 Nb4+ 20. Kb2 Rd8 21. Be2 b6 22. f4 Rd4 23. g3 Kb7 24. Rhf1 Bd7 25. e5 Bc6 26. f5 Re8 27. e6 fxe6 28. f6 Rf8 29. f7 Kc8 30. Rxd4 cxd4 31. Nb5 Bxb5 32. cxb5 Kd7 33. Bc4 Nd5 34. Bxd5 exd5 35. Kc2 Ke7 36. Re1+ Kd6 37. Rf1 Ke6 38. Re1+ Kd6 39. Rf1 Ke7 40. Re1+ Kd6 1/2-1/2

[Event "IOM Open-Masters 2017"]
[Site "Douglas"]
[Date "2017.09.26"]
[Round "4"]
[White "Yoo, Christopher Woojin"]
[Black "Cornette, Deimante"]
[Result "1-0"]
[ECO "A00"]
[WhiteElo "2254"]
[BlackElo "2404"]
[Annotator "NA"]
[PlyCount "129"]
[EventDate "2017.??.??"]
[EventType "swiss"]
[EventCountry "GBR"]
[SourceTitle "playchess.com"]
[Source "ChessBase"]
[SourceQuality "1"]
[TimeControl "40/6000+30:20/3000+30:900+30"]

1. e4 e5 2. Nf3 Nc6 3. Bb5 a6 4. Ba4 g6 5. d4 exd4 6. c3 Bg7 7. cxd4 b5 8. Bb3 Nge7 9. d5 Na5 10. Bd2 Nxb3 11. axb3 d6 12. Bc3 f6 13. O-O O-O 14. Na3 Bd7 15. Nc2 c5 16. dxc6 Bxc6 17. Nfd4 Bd7 18. Bb4 Qb6 19. Nf3 Rfe8 20. Bxd6 Rad8 21. Qd4 Qxd4 22. Nfxd4 Nc6 23. Rfe1 Nxd4 24. Nxd4 Bc8 25. Bc5 Bb7 26. f4 Bxe4 27. Rxa6 f5 28. Nxb5 Bd3 29. Rxe8+ Rxe8 30. Rb6 Bxb2 31. Bd4 Bxd4+ 32. Nxd4 Re4 33. Ne6 Re1+ 34. Kf2 Re2+ 35. Kf3 Rc2 36. Rb8+ Kf7 37. Ng5+ Kg7 38. Rb7+ Kg8 39. Ke3 Bf1 40. Nxh7 Rxg2 41. Nf6+ Kf8 42. Nd7+ Ke7 43. Ne5+ Ke6 44. Rb6+ Kd5 45. h4 Re2+ 46. Kf3 Rb2 47. Nxg6 Be2+ 48. Kg3 Bd1 49. Ne7+ Kc5 50. Rc6+ Kb5 51. Rc3 Bg4 52. Ng8 Kb4 53. Re3 Rb1 54. Nf6 Rg1+ 55. Kh2 Rf1 56. Kg2 Rd1 57. Nxg4 fxg4 58. h5 Rd5 59. Re5 Rd3 60. f5 Rxb3 61. Re8 Kc5 62. h6 Rb7 63. f6 Rh7 64. Kg3 Kd6 65. Kxg4 1-0

[Event "IOM Open-Masters 2017"]
[Site "Douglas"]
[Date "2017.09.26"]
[Round "4"]
[White "Watson, John"]
[Black "Maloberti, David"]
[Result "0-1"]
[ECO "A00"]
[WhiteElo "2247"]
[BlackElo "2132"]
[Annotator "NA"]
[PlyCount "108"]
[EventDate "2017.??.??"]
[EventType "swiss"]
[EventCountry "GBR"]
[SourceTitle "playchess.com"]
[Source "ChessBase"]
[SourceQuality "1"]
[TimeControl "40/6000+30:20/3000+30:900+30"]

1. d4 Nf6 2. c4 g6 3. Nc3 Bg7 4. e4 d6 5. h3 O-O 6. Bg5 c5 7. d5 Bd7 8. Nf3 Na6 9. Bd3 Qc7 10. O-O e6 11. Qd2 Nb4 12. Be2 exd5 13. exd5 Rfe8 14. a3 Na6 15. Bd3 Qb6 16. Rab1 Nc7 17. Qf4 Nh5 18. Qh2 f5 19. Ne2 Be5 20. Nxe5 dxe5 21. Nc3 Qd6 22. b4 b6 23. Rfe1 Na6 24. Nb5 Bxb5 25. cxb5 Nc7 26. bxc5 bxc5 27. Bc4 Rab8 28. Bc1 Na8 29. Ba2 Nb6 30. Bb2 f4 31. Rbd1 c4 32. g4 Nf6 33. Qg2 Rbc8 34. g5 c3 35. Bc1 Nfd7 36. Qg4 Nc5 37. Re2 Ne6 38. Rxe5 Qxe5 39. dxe6 c2 40. Rf1 Nd5 41. Qf3 Rc5 42. Qb3 Qxg5+ 43. Kh2 Rxe6 44. a4 Re5 45. Qa3 Rc8 46. Qd6 Rc3 47. Qd7 Qf5 48. Bxd5+ Rxd5 49. Qe8+ Qf8 50. Qe4 Qf5 51. Qe8+ Kg7 52. Qe7+ Qf7 53. Qe1 Rxh3+ 54. Kg2 Rg5+ 0-1

[Event "IOM Open-Masters 2017"]
[Site "Douglas"]
[Date "2017.09.26"]
[Round "4"]
[White "Osmanodja, Filiz"]
[Black "Byron, Alan M"]
[Result "1-0"]
[ECO "A00"]
[WhiteElo "2245"]
[BlackElo "2074"]
[Annotator "NA"]
[PlyCount "63"]
[EventDate "2017.??.??"]
[EventType "swiss"]
[EventCountry "GBR"]
[SourceTitle "playchess.com"]
[Source "ChessBase"]
[SourceQuality "1"]
[TimeControl "40/6000+30:20/3000+30:900+30"]

1. e4 e5 2. Nf3 Nc6 3. Bb5 a6 4. Ba4 Nf6 5. O-O Be7 6. Re1 b5 7. Bb3 O-O 8. h3 Bb7 9. d3 d5 10. exd5 Nxd5 11. Nxe5 Nxe5 12. Rxe5 Qd6 13. Re1 Rae8 14. Nd2 c5 15. Ne4 Qc7 16. c4 Nf6 17. Qf3 Nxe4 18. dxe4 Bf6 19. Bf4 Qb6 20. Rad1 Bd4 21. cxb5 axb5 22. Bd5 Ra8 23. Be3 Bxd5 24. exd5 Rxa2 25. Bxd4 cxd4 26. b4 Rc2 27. Qg3 Rc4 28. d6 Qc6 29. Qe5 Rd8 30. Qe7 Qa8 31. d7 Rf8 32. Qe8 1-0

[Event "IOM Open-Masters 2017"]
[Site "Douglas"]
[Date "2017.09.26"]
[Round "4"]
[White "Allen, Keith"]
[Black "Bianco, Valerio"]
[Result "1-0"]
[ECO "A00"]
[WhiteElo "2231"]
[BlackElo "2086"]
[Annotator "NA"]
[PlyCount "73"]
[EventDate "2017.??.??"]
[EventType "swiss"]
[EventCountry "GBR"]
[SourceTitle "playchess.com"]
[Source "ChessBase"]
[SourceQuality "1"]
[TimeControl "40/6000+30:20/3000+30:900+30"]

1. d4 g6 2. c4 Bg7 3. Nc3 d6 4. e4 e5 5. dxe5 dxe5 6. Qxd8+ Kxd8 7. f4 Nd7 8. Nf3 Ne7 9. Ng5 Rg8 10. Nxf7+ Ke8 11. Ng5 Nf8 12. Nb5 Kd7 13. Be3 a6 14. O-O-O+ Kc6 15. fxe5 Bg4 16. Nd4+ Kd7 17. Be2 Bxe2 18. Nxe2+ Ke8 19. Bf4 h6 20. Nf3 Ne6 21. h4 Nc6 22. Be3 Rh8 23. Nf4 Nxf4 24. Bxf4 Ke7 25. e6 Kxe6 26. Bxc7 Rac8 27. Bd6 Na5 28. b3 b5 29. c5 Nb7 30. b4 a5 31. a3 axb4 32. axb4 Bc3 33. Nd4+ Kf7 34. Rhf1+ Ke8 35. Nc2 Ra8 36. Rf3 Bg7 37. e5 1-0

[Event "IOM Open-Masters 2017"]
[Site "Douglas"]
[Date "2017.09.26"]
[Round "4"]
[White "Player, Edmund C"]
[Black "Maroroa, Sue"]
[Result "1/2-1/2"]
[ECO "A00"]
[WhiteElo "2202"]
[BlackElo "2083"]
[Annotator "NA"]
[PlyCount "201"]
[EventDate "2017.??.??"]
[EventType "swiss"]
[EventCountry "GBR"]
[SourceTitle "playchess.com"]
[Source "ChessBase"]
[SourceQuality "1"]
[TimeControl "40/6000+30:20/3000+30:900+30"]

1. e4 e5 2. Nf3 Nc6 3. Bb5 a6 4. Ba4 Nf6 5. O-O b5 6. Bb3 Bc5 7. c3 d6 8. d4 Bb6 9. h3 O-O 10. Re1 h6 11. a4 Rb8 12. axb5 axb5 13. Qd3 Bd7 14. Be3 exd4 15. cxd4 Nb4 16. Qd2 c5 17. dxc5 dxc5 18. Bf4 Rb7 19. Bd6 Re8 20. Nc3 Bc6 21. e5 Nh7 22. Nd5 Nxd5 23. Bxd5 Bxd5 24. Qxd5 Qc8 25. Ra6 c4 26. Rea1 Bc7 27. Ra8 Bb8 28. Nd4 Qd7 29. Nc6 Bxd6 30. Rxe8+ Qxe8 31. exd6 Nf6 32. Qf3 Qe4 33. Ra8+ Kh7 34. Rb8 Rd7 35. Qxe4+ Nxe4 36. Rxb5 Rxd6 37. Ne5 Rd4 38. f3 Nd6 39. Rb6 f6 40. Ng4 Nf5 41. Rb5 Kg6 42. Kf2 Rd2+ 43. Ke1 Rd6 44. Kf2 Rd3 45. Ke1 Nh4 46. Nf2 Nxg2+ 47. Kf1 Ne3+ 48. Ke2 Rd5 49. Rb4 Re5 50. Kd2 Nf1+ 51. Kc3 Re2 52. Ne4 Ne3 53. Rb5 Nd1+ 54. Kxc4 Nxb2+ 55. Kd4 Nd1 56. Rb1 Nf2 57. Ng3 Re8 58. h4 h5 59. Rb5 Nh3 60. Rxh5 Nf4 61. Ra5 Ne2+ 62. Nxe2 Rxe2 63. Kd3 Rh2 64. Ra4 Kh5 65. Ra7 Kh6 66. Ra4 g6 67. Ke3 Kh5 68. Ra6 f5 69. Kf4 Rxh4+ 70. Kg3 Rb4 71. Ra5 Rb6 72. Rc5 Rf6 73. Ra5 g5 74. Ra8 Rb6 75. Rh8+ Kg6 76. Rg8+ Kh6 77. Rf8 Rb5 78. Rf7 Kg6 79. Rf8 Rb1 80. Rg8+ Kh6 81. Rh8+ Kg7 82. Ra8 Rb3 83. Kg2 Kg6 84. Rg8+ Kf6 85. Rf8+ Ke5 86. Ra8 Kf4 87. Ra2 Rd3 88. Rb2 Ra3 89. Rc2 Ke3 90. Rc5 Ra2+ 91. Kg1 Kf4 92. Kf1 Ra3 93. Kg2 Ra2+ 94. Kf1 g4 95. fxg4 Kxg4 96. Rc3 f4 97. Kg1 Re2 98. Kf1 Re3 99. Rxe3 fxe3 100. Ke2 Kf4 101. Ke1 1/2-1/2

[Event "IOM Open-Masters 2017"]
[Site "Douglas"]
[Date "2017.09.26"]
[Round "4"]
[White "Oyama, Akito"]
[Black "Nahnsen, Kenneth"]
[Result "1-0"]
[ECO "A00"]
[WhiteElo "2198"]
[BlackElo "2011"]
[Annotator "NA"]
[PlyCount "69"]
[EventDate "2017.??.??"]
[EventType "swiss"]
[EventCountry "GBR"]
[SourceTitle "playchess.com"]
[Source "ChessBase"]
[SourceQuality "1"]
[TimeControl "40/6000+30:20/3000+30:900+30"]

1. e4 c5 2. Nc3 a6 3. g3 b5 4. Bg2 Bb7 5. d3 e6 6. Nh3 Nf6 7. O-O Be7 8. f4 d6 9. f5 exf5 10. Rxf5 Qb6 11. Be3 Nbd7 12. Rf1 b4 13. Nb1 d5 14. Nf4 dxe4 15. dxe4 O-O 16. Nd2 Ne5 17. c4 Nfg4 18. Qe2 Nxe3 19. Qxe3 Bg5 20. Qf2 Bxf4 21. gxf4 Ng6 22. Nb3 Rac8 23. Rad1 a5 24. e5 Bxg2 25. Qxg2 a4 26. Rd6 Qc7 27. Nd2 f6 28. Qd5+ Kh8 29. Rd7 Qb6 30. e6 Rfe8 31. f5 Ne5 32. Rd6 Rc6 33. Ne4 Rxd6 34. Nxd6 Rd8 35. e7 1-0

[Event "IOM Open-Masters 2017"]
[Site "Douglas"]
[Date "2017.09.26"]
[Round "4"]
[White "Heimisson, Hilmir Freyr"]
[Black "Mannion, Stephen R"]
[Result "1-0"]
[ECO "A00"]
[WhiteElo "2185"]
[BlackElo "2320"]
[Annotator "NA"]
[PlyCount "91"]
[EventDate "2017.??.??"]
[EventType "swiss"]
[EventCountry "GBR"]
[SourceTitle "playchess.com"]
[Source "ChessBase"]
[SourceQuality "1"]
[TimeControl "40/6000+30:20/3000+30:900+30"]

1. d4 d5 2. Bg5 f6 3. Bd2 Nc6 4. c4 dxc4 5. e3 e5 6. Bxc4 exd4 7. Qb3 Nh6 8. Nf3 dxe3 9. Bxe3 Na5 10. Qa4+ c6 11. Be2 b5 12. Bxb5 cxb5 13. Qe4+ Be6 14. Qxe6+ Be7 15. Bxh6 gxh6 16. O-O Qd7 17. Qe4 O-O 18. Qf4 Kg7 19. Nc3 Bd6 20. Qh4 b4 21. Ne4 f5 22. Nxd6 Qxd6 23. Rfd1 Qf6 24. Qxb4 Nc6 25. Qb7+ Kg8 26. Rac1 Rfc8 27. h3 Ne7 28. Rxc8+ Rxc8 29. Qxa7 Rc2 30. b4 Rb2 31. a3 Ra2 32. Qe3 Kg7 33. Re1 Ra1 34. Rxa1 Qxa1+ 35. Kh2 Nd5 36. Qa7+ Kf6 37. b5 Qb2 38. a4 Qb4 39. Qb8 Kf7 40. Qe5 Ne7 41. Qd4 Qa5 42. Ne5+ Ke6 43. f4 Nd5 44. Qc4 Qb6 45. Qc8+ Ke7 46. Qd7+ 1-0

[Event "IOM Open-Masters 2017"]
[Site "Douglas"]
[Date "2017.09.26"]
[Round "4"]
[White "Birkisson, Bardur Orn"]
[Black "Kojima, Shinya"]
[Result "1/2-1/2"]
[ECO "A00"]
[WhiteElo "2164"]
[BlackElo "2403"]
[Annotator "NA"]
[PlyCount "178"]
[EventDate "2017.??.??"]
[EventType "swiss"]
[EventCountry "GBR"]
[SourceTitle "playchess.com"]
[Source "ChessBase"]
[SourceQuality "1"]
[TimeControl "40/6000+30:20/3000+30:900+30"]

1. Nf3 d5 2. c4 c6 3. g3 Nf6 4. Bg2 g6 5. b3 Bg7 6. Bb2 O-O 7. O-O Bg4 8. d3 Bxf3 9. Bxf3 e6 10. Qc2 Nbd7 11. Nd2 Qe7 12. d4 Rfd8 13. Rfe1 Rac8 14. e4 dxe4 15. Nxe4 Nxe4 16. Bxe4 Nf6 17. Bf3 Qc7 18. Rad1 Rd7 19. Rd3 Rcd8 20. Red1 h5 21. h4 Ne8 22. Bc3 b5 23. Kg2 Rc8 24. Qd2 Nd6 25. Bb4 bxc4 26. Bxd6 Rxd6 27. bxc4 Rcd8 28. Qe3 c5 29. dxc5 Rxd3 30. Rxd3 Rxd3 31. Qxd3 Qxc5 32. Qd8+ Bf8 33. Qb8 Qd4 34. Qa8 Kg7 35. Qe4 Qa1 36. Qe2 Bc5 37. Qc2 Qd4 38. Qe2 f5 39. Qc2 Kf6 40. Qe2 e5 41. Bd5 e4 42. Bc6 Ke5 43. Be8 Kf6 44. Bc6 Qc3 45. Bd5 Bd4 46. Bc6 a5 47. a4 Qc1 48. Bd5 Qa3 49. Bc6 Qb3 50. Be8 Qb7 51. Kh2 Qb4 52. Bc6 Qc5 53. Qd2 Qxc4 54. Bb5 Qc5 55. Kg2 Kg7 56. Be8 Qd5 57. Kh2 Qe5 58. Bb5 Qc5 59. Kg2 Qa7 60. Bc4 Kh7 61. Bb5 Qc5 62. Be8 Bg7 63. Qd7 Qc3 64. Qe6 Qf3+ 65. Kg1 Qg4 66. Kg2 Kh6 67. Qa6 Kh7 68. Qe6 Qf3+ 69. Kg1 Qd1+ 70. Kg2 Qg4 71. Kg1 Kh6 72. Qd6 f4 73. Qxf4+ Qxf4 74. gxf4 Bf6 75. Bc6 Bxh4 76. Bxe4 Be7 77. Kg2 Kg7 78. Kf3 Kf6 79. Bb1 Bc5 80. Bd3 h4 81. Kg4 Bxf2 82. Bc2 Bg3 83. Bb1 Kg7 84. Bd3 Kh6 85. Bc2 Bf2 86. Bd3 Be3 87. Kxh4 Bxf4 88. Kg4 Bd2 89. Bb5 Kg7 1/2-1/2

[Event "IOM Open-Masters 2017"]
[Site "Douglas"]
[Date "2017.09.26"]
[Round "4"]
[White "Babar, Michael"]
[Black "Eggleston, David J"]
[Result "0-1"]
[ECO "A00"]
[WhiteElo "2130"]
[BlackElo "2400"]
[Annotator "NA"]
[PlyCount "46"]
[EventDate "2017.??.??"]
[EventType "swiss"]
[EventCountry "GBR"]
[SourceTitle "playchess.com"]
[Source "ChessBase"]
[SourceQuality "1"]
[TimeControl "40/6000+30:20/3000+30:900+30"]

1. Nf3 Nf6 2. d4 b6 3. g3 Bb7 4. Bg2 e6 5. O-O Be7 6. b3 O-O 7. Bb2 d5 8. Nbd2 c5 9. c4 Nc6 10. cxd5 exd5 11. Rc1 Ne4 12. dxc5 Bxc5 13. Nxe4 dxe4 14. Ne5 Nxe5 15. Bxe5 Qe8 16. Bb2 Rd8 17. Qc2 Rc8 18. Qb1 Qe7 19. Rfd1 e3 20. f3 Ba6 21. Kf1 Rcd8 22. f4 Bxe2+ 23. Kxe2 Rd2+ 0-1

[Event "IOM Open-Masters 2017"]
[Site "Douglas"]
[Date "2017.09.26"]
[Round "4"]
[White "Prueske, Wolfgang"]
[Black "Coathup, Roger H"]
[Result "0-1"]
[ECO "A00"]
[WhiteElo "2046"]
[BlackElo "2125"]
[Annotator "NA"]
[PlyCount "114"]
[EventDate "2017.??.??"]
[EventType "swiss"]
[EventCountry "GBR"]
[SourceTitle "playchess.com"]
[Source "ChessBase"]
[SourceQuality "1"]
[TimeControl "40/6000+30:20/3000+30:900+30"]

1. e4 c5 2. Nf3 e6 3. g3 Nc6 4. Bg2 Nf6 5. Qe2 e5 6. c3 Be7 7. O-O O-O 8. Na3 Re8 9. Nc2 Bf8 10. d3 h6 11. Ne3 d5 12. Nxd5 Nxd5 13. exd5 Qxd5 14. Nd2 Qd6 15. Nc4 Qg6 16. Be4 Bf5 17. Qf3 Bg4 18. Bxg6 Bxf3 19. Be4 Bg4 20. Re1 f6 21. b3 Rac8 22. Bb2 Red8 23. Ne3 Be6 24. Rad1 Bf7 25. Rd2 b6 26. Red1 g6 27. g4 Kg7 28. Kf1 Be6 29. Bxc6 Rxc6 30. d4 cxd4 31. cxd4 exd4 32. Rxd4 Rxd4 33. Rxd4 Bc5 34. Rf4 Be7 35. Ra4 Rc7 36. Re4 Kf7 37. h3 b5 38. Rd4 Bc5 39. Rd2 h5 40. Rc2 Rc8 41. Bc1 a5 42. Bd2 Bxe3 43. Rxc8 Bxd2 44. Rc7+ Ke8 45. gxh5 gxh5 46. Ke2 Bb4 47. Ra7 Bxh3 48. a3 Bxa3 49. Rxa5 b4 50. Kd3 Be6 51. Kc2 h4 52. Rh5 h3 53. f4 Bg4 54. Rh4 Bf5+ 55. Kd1 Ke7 56. Rh8 Bg4+ 57. Kd2 Ke6 0-1

[Event "IOM Open-Masters 2017"]
[Site "Douglas"]
[Date "2017.09.26"]
[Round "4"]
[White "Mai, Aron Thor"]
[Black "Kavutskiy, Konstantin"]
[Result "0-1"]
[ECO "A00"]
[WhiteElo "2038"]
[BlackElo "2390"]
[Annotator "NA"]
[PlyCount "60"]
[EventDate "2017.??.??"]
[EventType "swiss"]
[EventCountry "GBR"]
[SourceTitle "playchess.com"]
[Source "ChessBase"]
[SourceQuality "1"]
[TimeControl "40/6000+30:20/3000+30:900+30"]

1. e4 c5 2. Nf3 e6 3. d4 cxd4 4. Nxd4 Nc6 5. Nc3 Qc7 6. f4 a6 7. Nxc6 bxc6 8. Bd3 d5 9. O-O Nf6 10. Qe2 Be7 11. Bd2 Bb7 12. Kh1 c5 13. exd5 exd5 14. Rae1 Kf8 15. Nd1 Bd6 16. Qf2 h5 17. Qh4 Be7 18. Qh3 Rd8 19. a3 h4 20. Ne3 Kg8 21. Nf5 Bf8 22. Nxh4 Ne4 23. Bxe4 dxe4 24. Bc3 Qe7 25. g3 e3+ 26. Kg1 c4 27. Qf5 Rxh4 28. gxh4 Ba8 29. h3 Qb7 30. Rxe3 Qg2# 0-1

[Event "IOM Open-Masters 2017"]
[Site "Douglas"]
[Date "2017.09.26"]
[Round "4"]
[White "Zahn, Alina"]
[Black "Bellin, Robert"]
[Result "0-1"]
[ECO "A00"]
[WhiteElo "2025"]
[BlackElo "2344"]
[Annotator "NA"]
[PlyCount "76"]
[EventDate "2017.??.??"]
[EventType "swiss"]
[EventCountry "GBR"]
[SourceTitle "playchess.com"]
[Source "ChessBase"]
[SourceQuality "1"]
[TimeControl "40/6000+30:20/3000+30:900+30"]

1. e4 c6 2. d4 d5 3. Nc3 g6 4. e5 Bg7 5. f4 h5 6. Bd3 b5 7. Be3 Na6 8. Qe2 Qa5 9. Bd2 Qb6 10. a3 Nc7 11. Qf2 Nh6 12. h3 Bf5 13. Bxf5 Nxf5 14. Nf3 h4 15. Ne2 a5 16. g4 hxg3 17. Nxg3 Nxg3 18. Qxg3 Ne6 19. Be3 Bh6 20. c3 O-O-O 21. Kd2 Ng7 22. Qf2 e6 23. Ne1 Nf5 24. Nd3 Bf8 25. Qf3 Be7 26. Bf2 Kc7 27. Ne1 c5 28. Nc2 c4 29. Ne3 Nxe3 30. Bxe3 Rh5 31. Rh2 b4 32. axb4 axb4 33. Rhh1 bxc3+ 34. Ke1 cxb2 35. Rb1 Qb3 36. Qe2 c3 37. Kf2 Kd7 38. Rhc1 bxc1=N 0-1